 Dungeon Crawl Stone Soup version 0.29.1-2-gbd0b4ee654 (webtiles) character file.

Game seed: 8069855069592219487

4719 zeram the Covert (level 10, -2/68 HPs)
             Began as an Octopode Fighter on Nov 12, 2022.
             Was an Initiate of Gozag.
             Slain by a two-headed ogre
             ... wielding a +0 giant club
              (16 damage)
             ... on level 9 of the Dungeon.
             The game lasted 00:19:42 (11331 turns).

zeram the Covert (Octopode Fighter)                Turns: 11331, Time: 00:19:44

Health: -2/68      AC:  1    Str: 15    XL:     10   Next: 45%
Magic:  0/16       EV: 19    Int: 15    God:    Gozag
Gold:   823        SH:  8    Dex: 12    Spells: 12/17 levels left

rFire   . . .      SeeInvis +   p - +4 dagger
rCold   . . .      Faith    .   b - +3 buckler
rNeg    . . .      Spirit   +   (helmet restricted)
rPois   .          Reflect  .   c - amulet of guardian spirit
rElec   .          Harm     .   l - +4 ring of evasion
rCorr   .          Rampage  .   y - ring of see invisible
Will    .....                   (no ring)
Stlth   +++++.....              (no ring)
HPRegen 0.21/turn               (no ring)
MPRegen 0.15/turn               (no ring)
                                (no ring)
                                (no ring)

@: no status effects
A: almost no armour, amphibious, 8 rings, camouflage 1, gelatinous body 1,
(nimble swimmer 1), tentacles
a: Renounce Religion, Potion Petition, Call Merchant, Bribe Branch


You were on level 9 of the Dungeon.
You worshipped Gozag.
Gozag was pleased with you.
You visited 2 branches of the dungeon, and saw 10 of its levels.

You collected 920 gold pieces.
You paid 97 gold pieces to Gozag.

Inventory:

Hand Weapons
 a - a +0 war axe
 e - a +2 whip of freezing
 h - a +2 spear of venom
 p - a +4 dagger (weapon)
 q - a +2 flail of holy wrath
Missiles
 x - a throwing net (quivered)
Armour
 b - a +3 buckler (worn)
Jewellery
 c - an amulet of guardian spirit (around mantle)
 l - a +4 ring of evasion (left tentacle)
 r - a ring of ice
 y - a ring of see invisible (right tentacle)
Wands
 n - a wand of mindburst (16)
 o - a wand of digging (7)
 w - a wand of iceblast (6)
Scrolls
 d - 3 scrolls of teleportation
 z - 3 scrolls of identify
 A - a scroll of immolation {unknown}
Potions
 g - 3 potions of degeneration
 i - a potion of cancellation
 j - 2 potions of magic {unknown}
 k - 2 potions of attraction {unknown}
 m - 2 potions of flight
 t - a potion of berserk rage {unknown}
 u - 2 potions of brilliance
 C - a potion of mutation {unknown}


   Skills:
 + Level 6.0 Fighting
 + Level 6.2 Short Blades
 + Level 4.4(4.5) Axes
 + Level 0.3(2.7) Polearms
 + Level 6.3 Dodging
 + Level 8.6 Stealth
 + Level 5.2 Shields
 * Level 4.4 Spellcasting
 * Level 5.0 Summonings


You had 12 spell levels left.
You knew the following spells:

 Your Spells              Type           Power      Damage    Failure   Level
a - Call Imp              Summ           18%        N/A       4%          2
b - Call Canine Familiar  Summ           18%        N/A       9%          3

Your spell library contained the following spells:

 Spells                   Type           Power      Damage    Failure   Level
 Summon Small Mammal      Summ           72%        N/A       2%          1
 Apportation              Tloc           6%         N/A       22%         1
 Freeze                   Ice            12%        1d4       22%         1
 Magic Dart               Conj           12%        1d3       22%         1
 Slow                     Hex            12%        N/A       22%         1
 Summon Guardian Golem    Hex/Summ       10%        N/A       24%         3
 Poisonous Vapours        Pois/Air       6%         N/A       32%         2
 Confusing Touch          Hex            3%         N/A       54%         3
 Frozen Ramparts          Ice            6%         1d1       54%         3
 Mephitic Cloud           Conj/Pois/Air  3%         N/A       54%         3
 Tukima's Dance           Hex            3%         N/A       54%         3
 Vampiric Draining        Necr           3%         2d6       54%         3
 Summon Ice Beast         Ice/Summ       10%        N/A       61%         4
 Hailstorm                Conj/Ice       3%         3d3       91%         4
 Passage of Golubria      Tloc           3%         N/A       91%         4
 Summon Mana Viper        Hex/Summ       10%        N/A       91%         5
 Alistair's Intoxication  Tmut/Pois      2%         N/A       99%         5
 Silence                  Hex/Air        1%         N/A       99%         5
 Yara's Violent Unravell  Hex/Tmut       1%         3d3       99%         5
 Monstrous Menagerie      Summ           9%         N/A       100%        7
 Lehudib's Crystal Spear  Conj/Erth      1%         10d2      100%        8
 Corpse Rot               Necr/Pois/Air  Unusable   N/A       N/A         4

Dungeon Overview and Level Annotations

Branches:
Dungeon (9/15)             Temple (1/1) D:4
   Lair: D:8-11         Orc: D:9-12

Altars:
Cheibriados
Dithmenos
Elyvilon
Fedhas
Gozag
Hepliaklqana
Kikubaaqudgha
Makhleb
Nemelex Xobeh
Qazlal
Ru
Sif Muna
Uskayaw
Vehumet
Wu Jian
Yredelemnul
Zin
The Shining One

Shops:
D:1 !


Innate Abilities, Weirdness & Mutations

You cannot wear most types of armour.
You are amphibious.
You can wear up to eight rings at the same time.
Your skin changes colour to match your surroundings (Stealth+).
Your rubbery body absorbs attacks. (AC +1, EV +1)
((You are camouflaged when in or above water. (Stealth+)))
You have tentacles for arms and can constrict up to eight enemies at once.


Message History

You hit the two-headed ogre. You squeeze the two-headed ogre!
The two-headed ogre is severely wounded.
The two-headed ogre closely misses you.
The two-headed ogre hits you with a +0 giant club!
You hit the two-headed ogre but do no damage.
Your squeeze misses the two-headed ogre.
The two-headed ogre is severely wounded.
You hit the two-headed ogre.
You squeeze the two-headed ogre, but do no damage.
The two-headed ogre is severely wounded.
You block the two-headed ogre's attack. The two-headed ogre barely misses you.
You closely miss the two-headed ogre.
The two-headed ogre is severely wounded.
You hit the two-headed ogre.
The two-headed ogre is severely wounded.
The two-headed ogre hits you with a +0 giant club!!!
Ouch! That really hurt!
You block the two-headed ogre's attack.
You hit the two-headed ogre.
The two-headed ogre is severely wounded.
You barely miss the two-headed ogre.
The two-headed ogre is severely wounded.
The two-headed ogre hits you with a +0 giant club!
* * * LOW HITPOINT WARNING * * *
The two-headed ogre barely misses you.
You hit the two-headed ogre.
The two-headed ogre is severely wounded.
You hit the two-headed ogre.
The two-headed ogre is severely wounded.
The two-headed ogre closely misses you.
The two-headed ogre completely misses you.
You completely miss the two-headed ogre.
The two-headed ogre is severely wounded.
You hit the two-headed ogre but do no damage.
The two-headed ogre is severely wounded.
The two-headed ogre hits you with a +0 giant club.
* * * LOW HITPOINT WARNING * * *
The two-headed ogre hits you with a +0 giant club!!
You die...
Your body crumbles into a pile of gold.

#....#.#....
........... #........#
.......... #........#
..#####..####........#
..#####..............#
....#................#
...###..####.........#
....#....##.....O....#
.........##.....@....#
.........##....$.....#
.....................#
....#................#
....#.......####'#####
....#......... ....
....#....?...........
....#................#
#....>..........?#


You could see a two-headed ogre.

Vanquished Creatures
  Pikel (D:4)
  Maggie (D:6)
  Prince Ribbit (D:6)
  The ghost of xian the Chopper, an amateur HOAK of Lugonu (D:4)
  8 yaks
  2 ogres
  3 ice beasts
  3 black bears
  2 centaurs (D:8)
  4 kobold brigands
  2 bullfrogs
  2 scorpions
  3 wights (D:7)
  4 killer bees (D:8)
  A howler monkey (D:5)
  5 orc priests
  6 hounds
  2 iguanas
  6 orc wizards
  Robin (D:2)
  3 gnolls (D:3)
  10 adders
  3 worms
  4 dart slugs
  22 orcs
  5 ball pythons
  6 endoplasms
  4 giant cockroaches
  15 goblins
  4 hobgoblins
  3 jackals (D:5)
  3 quokkas
  3 bats
  9 frilled lizards
  25 kobolds
  6 rats
  A spectral orc (D:4)
184 creatures vanquished.

Vanquished Creatures (collateral kills)
  An orc (D:9)
1 creature vanquished.

Vanquished Creatures (others)
  2 plants (D:4)
2 creatures vanquished.

Grand Total: 187 creatures vanquished

Notes
Turn   | Place    | Note
-------+----------+-------------------------------------------
     0 | D:1      | zeram the Octopode Fighter began the quest for the Orb.
     0 | D:1      | Reached XP level 1. HP: 16/16 MP: 1/1
   135 | D:1      | Found Ikajyniti's Distillery.
   320 | D:1      | Reached XP level 2. HP: 18/21 MP: 2/2
   739 | D:1      | Found a faded altar of an unknown god.
  1079 | D:2      | Reached skill level 1 in Stealth
  1248 | D:2      | Reached XP level 3. HP: 26/26 MP: 3/3
  1278 | D:2      | Noticed Robin
  1290 | D:2      | Killed Robin
  2169 | D:3      | Reached skill level 2 in Stealth
  2190 | D:3      | Reached XP level 4. HP: 30/31 MP: 4/4
  2375 | D:3      | Found a burning altar of Makhleb.
  2517 | D:3      | Reached skill level 3 in Stealth
  2517 | D:3      | Reached XP level 5. HP: 28/36 MP: 2/5
  2654 | D:3      | Found a hazy altar of Hepliaklqana.
  2761 | D:3      | HP: 1/36 [gnoll/+0 flail (8)]
  3679 | D:4      | Found a basalt altar of Yredelemnul.
  3747 | D:4      | Found a staircase to the Ecumenical Temple.
  3748 | D:4      | Noticed an ogre
  3754 | D:4      | Reached XP level 6. HP: 40/42 MP: 6/6
  3758 | D:4      | Reached skill level 4 in Stealth
  3771 | Temple   | Entered the Ecumenical Temple
  4013 | D:4      | Found a white marble altar of Elyvilon.
  4111 | D:4      | Reached skill level 1 in Short Blades
  4116 | D:4      | Found a shadowy altar of Dithmenos.
  4197 | D:4      | Found a runed translucent door.
  4199 | D:4      | Noticed xian's ghost (amateur HOAK)
  4269 | D:5      | Entered Level 5 of the Dungeon
  4345 | D:5      | Noticed a black bear
  4347 | D:5      | Found a sacrificial altar of Ru.
  4354 | D:5      | Killed a black bear
  4355 | D:5      | Reached skill level 5 in Stealth
  4355 | D:5      | Reached XP level 7. HP: 30/47 MP: 5/7
  4358 | D:5      | Learned a level 2 spell: Call Imp
  5200 | D:5      | Reached skill level 1 in Summonings
  5419 | D:5      | Noticed Pikel
  5451 | D:4      | Killed Pikel
  5452 | D:4      | Reached skill level 6 in Stealth
  5452 | D:4      | Reached skill level 1 in Spellcasting
  5452 | D:4      | Reached XP level 8. HP: 13/54 MP: 2/10
  5772 | D:4      | Killed xian's ghost
  6082 | D:6      | Noticed Prince Ribbit
  6091 | D:6      | Killed Prince Ribbit
  6270 | D:6      | Found a glowing silver altar of Zin.
  6397 | D:6      | Reached XP level 9. HP: 60/60 MP: 12/12
  6450 | D:6      | Noticed Maggie
  6465 | D:6      | Killed Maggie
  6466 | D:6      | Reached skill level 5 in Fighting
  6466 | D:6      | Reached skill level 5 in Dodging
  6466 | D:6      | Reached skill level 7 in Stealth
  6547 | D:6      | Learned a level 3 spell: Call Canine Familiar
  6622 | D:6      | Found an opulent altar of Gozag.
  6993 | D:6      | Became a worshipper of Gozag Ym Sagoz the Greedy
  7075 | D:6      | Reached skill level 5 in Short Blades
  7693 | D:7      | Found a sparkling altar of Nemelex Xobeh.
  8333 | D:7      | Found an ornate altar of the Wu Jian Council.
  8767 | D:8      | Reached skill level 8 in Stealth
  8843 | D:8      | HP: 1/61 [poisoned by a killer bee]
  9633 | D:8      | Reached XP level 10. HP: 60/66 MP: 15/15
 10253 | D:9      | Reached skill level 5 in Shields
 11315 | D:9      | Reached skill level 5 in Summonings
 11315 | D:9      | Noticed a two-headed ogre
 11331 | D:9      | Slain by a two-headed ogre

Illustrated notes

Levels and vault maps discovered:
D:1:      dpeg_arrival_leaves_temple_mockup, layout_basic, serial_shops,
          nicolae_shop_hallway_plus, shapermc_ecumenical_altar_mp_vishouse,
          wander_ebering_terrifying_dragon_lair
D:2:      layout_loops_ring, uniq_robin
D:3:      layout_basic, nzn_hepliaklqana_mist_gate, bloody_makhleb,
          minmay_cut_off
D:4:      layout_rooms, yredelemnul_forgotten_temple_becter,
          grunt_dithmenos_smoke_and_mirrors, kennysheep_mini,
          minmay_temple_entry_purple_smoke, serial_bayou, serial_bayou_lake_a,
          serial_bayou_shore_b, serial_bayou_pond_e, serial_bayou_pond_b,
          ebering_ghost_reflecting_pool, nicolae_concentric_dashed_squares_wild,
          hangedman_decor_diamond_cutter
D:5:      layout_rooms, hangedman_ru_absence, uniq_pikel
D:6:      layout_gridville, pdpol_temple_overflow_zin_treasury_gozag_greed,
          uniq_maggie, uniq_prince_ribbit1
D:7:      layout_cave_pods, nemelex_spade_bored_becter,
          nicolae_wu_jian_wuxing_cycle
D:8:      layout_rooms, serial_aquarium, aquarium_bridge_square
          [aquarium_subvault_bridge, aquarium_subvault_window,
          aquarium_subvault_wall, aquarium_subvault_wall],
          aquarium_window_corridor_1, aquarium_window_fake, aquarium_window_1,
          aquarium_window_1, aquarium_view_2g, aquarium_balcony_1b,
          aquarium_pool_corner
D:9:      layout_grid_maze, grunt_ashenzari_visionary
          [grunt_ashenzari_visionary_shoals, grunt_ashenzari_visionary_snake],
          david_orc_2, hangedman_decor_growths
Temple:   nicolae_temple_godpark

Skill      XL: |  1  2  3  4  5  6  7  8  9 10 |
---------------+-------------------------------+-----
Stealth        | 1 2 3 5 6 8 |  8.6
Axes           | 3 4 |  4.4
Short Blades   | 1 3 4 5 6 |  6.2
Fighting       | 4 5 6 |  6.0
Dodging        | 4 5 6 |  6.3
Summonings     | 2 4 5 |  5.0
Spellcasting   | 1 2 3 4 |  4.4
Shields        | 4 5 |  5.2
Polearms       | |  0.3

Action                   |  1- 3 |  4- 6 |  7- 9 | 10-12 || total
-------------------------+-------+-------+-------+-------++-------
Melee: War axe           |    64 |    33 |       |       ||    97
       Constrict         |    14 |    18 |    50 |     5 ||    87
       Tentacles         |    10 |    18 |    56 |    29 ||   113
       Dagger            |       |    39 |   273 |   107 ||   419
       Spear             |       |     7 |       |       ||     7
       Punch             |       |       |     6 |     1 ||     7
 Cast: Call Imp          |       |       |       |     3 ||     3
Evoke: Wand              |       |       |       |     9 ||     9
  Use: Scroll            |     7 |     1 |    12 |     2 ||    22
       Potion            |     1 |     2 |     6 |     2 ||    11
 Stab: Sleeping          |     9 |    13 |    12 |     2 ||    36
       Distracted        |       |       |     1 |       ||     1
Armor: Skin              |     1 |     2 |    13 |     1 ||    17
Dodge: Dodged            |    38 |    46 |   177 |    64 ||   325
Block: Buckler           |    15 |    11 |    93 |    27 ||   146
